 Dungeon Crawl Stone Soup version 0.31-a0-960-g0fca184906 (webtiles) character file.

Game seed: 5005132107619491730

331 Persephone the Chopper (level 6, -2/52 HPs)
             Began as a Minotaur Fighter on Oct 23, 2023.
             Slain by Prince Ribbit (15 damage)
             ... on level 5 of the Dungeon.
             The game lasted 00:05:05 (3225 turns).

Persephone the Chopper (Minotaur Fighter)           Turns: 3225, Time: 00:05:05

Health: -2/52      AC: 12    Str: 22    XL:     6   Next: 26%
Magic:  5/5        EV:  6    Int:  5    God:
Gold:   510        SH:  4    Dex: 10    Spells: 5/5 levels left

rFire   . . .        u - +3 war axe (vamp)
rCold   . . .        c - +0 buckler
rNeg    . . .        p - +0 plate armour
rPois   .            (helmet restricted)
rElec   .            m - +0 cloak
rCorr   .            (no gloves)
SInv    .            (no boots)
Will    .....        (no amulet) Stlth
                     (no ring)
HPRegen 0.28/turn    (no ring)
MPRegen 0.09/turn

%: no passive effects
@: no status effects
A: horns 2, retaliatory headbutt
a: no special abilities


You were on level 5 of the Dungeon.
You visited 1 branch of the dungeon, and saw 5 of its levels.
You also visited: Ossuary.

You collected 510 gold pieces.

Inventory:

Hand Weapons
 a - a +0 war axe
 u - a +3 vampiric war axe (weapon)
Armour
 b - a +0 scale mail
 c - a +0 buckler (worn)
 m - a +0 cloak (worn)
 p - a +0 plate armour (worn)
Jewellery
 k - a ring of ice
 x - a +6 ring of intelligence
Wands
 t - a wand of digging (7)
Scrolls
 g - 2 scrolls of noise
 q - 2 scrolls of teleportation
Potions
 d - a potion of might
 h - a potion of mutation {unknown}
 j - 5 potions of heal wounds
 n - 5 potions of curing
 o - 2 potions of degeneration
 s - 2 potions of enlightenment {unknown}
 v - 2 potions of brilliance {unknown}
 z - a potion of experience {unknown}
 A - a potion of lignification {unknown}
 B - a potion of berserk rage {unknown}
 C - a potion of haste {unknown}
 D - a potion of attraction {unknown}


   Skills:
 - Level 3.9 Fighting
 + Level 7.6 Axes
 - Level 3.9 Armour
 - Level 3.9 Shields


You had 5 spell levels left.
You didn't know any spells.
Your spell library contained the following spells:

 Spells                   Type           Power      Damage    Failure   Level
 Apportation              Tloc           0%         N/A       100%        1
 Necrotise                Necr           0%         1d4       100%        1
 Shock                    Conj/Air       0%         1d3       100%        1
 Summon Small Mammal      Summ           0%         N/A       100%        1
 Blink                    Tloc           0%         N/A       100%        2
 Swiftness                Air            0%         N/A       100%        3
 Airstrike                Air            0%         2d(0-16)  100%        4
 Manifold Assault         Tloc           0%         N/A       100%        4


Dungeon Overview and Level Annotations

Branches:
Dungeon (5/15)            Ossuary (visited)
 Temple: D:4-7

Altars:
Elyvilon

Annotations:
D:5 Prince Ribbit


Innate Abilities, Weirdness & Mutations

You have a pair of horns on your head.
You reflexively headbutt those who attack you in melee.


Message History

You block Prince Ribbit's attack. Prince Ribbit hits you!
You are too injured to fight recklessly!
You are too injured to fight recklessly!
You are too injured to fight recklessly!
You are too injured to fight recklessly!
You are too injured to fight recklessly!
You are too injured to fight recklessly!
You are too injured to fight recklessly!
You are too injured to fight recklessly!
You are too injured to fight recklessly!
You are too injured to fight recklessly!
You are too injured to fight recklessly!
You are too injured to fight recklessly!
You are too injured to fight recklessly!
You are too injured to fight recklessly!
You are too injured to fight recklessly!
You are too injured to fight recklessly!
You are too injured to fight recklessly!
You are too injured to fight recklessly!
You are too injured to fight recklessly!
You closely miss Prince Ribbit. You headbutt Prince Ribbit!
Prince Ribbit is severely wounded.
Prince Ribbit blinks!
Prince Ribbit attacks as he pursues you!
Prince Ribbit hits you.
Prince Ribbit blinks!
Prince Ribbit blinks!
Prince Ribbit blinks!
You see here a +0 scale mail.
Prince Ribbit hits you!
* * * LOW HITPOINT WARNING * * *
You miss Prince Ribbit. Your headbutt misses Prince Ribbit.
Prince Ribbit is severely wounded.
Prince Ribbit hits you.
* * * LOW HITPOINT WARNING * * *
Prince Ribbit barely misses you.
You closely miss Prince Ribbit.
Prince Ribbit is severely wounded.
Prince Ribbit hits you!
You die...

####...#
#####..##
#...#
##.#
#...# #.#
#.# ..
#.# ##
#.# #.# #
#[# #@#
#F# #.#
#.# #.#
#.# #.#
#.#


You could see Prince Ribbit.

Vanquished Creatures
  Crazy Yiuf (D:4)
  3 iguanas
  8 mummies (Ossuary)
  3 adders
  3 dart slugs
  2 worms (D:2)
  12 orcs
  4 ball pythons
  4 bats
  7 endoplasms
  A giant cockroach (D:4)
  A gnoll zombie (Ossuary)
  7 goblins
  4 hobgoblins
  5 jackals (D:4)
  A quokka (D:2)
  3 frilled lizards
  4 hobgoblin zombies (Ossuary)
  7 kobolds
  2 kobold zombies (Ossuary)
  An orc zombie (Ossuary)
  4 rats (D:1)
87 creatures vanquished.

Notes
Turn   | Place    | Note
-------+----------+-------------------------------------------
     0 | D:1      | Persephone the Minotaur Fighter began the quest for the
                  | Orb.
     0 | D:1      | Reached XP level 1. HP: 19/19 MP: 0/0
   190 | D:1      | Reached XP level 2. HP: 27/27 MP: 1/1
   626 | D:1      | Reached skill level 3 in Axes
   866 | D:2      | Reached XP level 3. HP: 33/33 MP: 2/2
   966 | D:2      | You fall into a shaft and drop 1 floor!
  1043 | D:3      | Reached skill level 4 in Axes
  1102 | D:3      | Reached XP level 4. HP: 32/40 MP: 3/3
  1280 | D:3      | Reached skill level 5 in Axes
  1679 | D:4      | Reached XP level 5. HP: 32/46 MP: 4/4
  1837 | D:4      | Reached skill level 6 in Axes
  1872 | D:4      | Found a white marble altar of Elyvilon.
  2002 | D:4      | Identified the +0 leather armour "Ypheuplo" {rN+ Will-
                  | rCorr Int+2}
  2398 | D:4      | Found a runed translucent door.
  2399 | D:4      | Noticed Crazy Yiuf
  2407 | D:4      | Killed Crazy Yiuf
  2526 | D:5      | Entered Level 5 of the Dungeon
  2882 | D:5      | Found a sand-covered staircase.
  2890 | Ossuary  | Entered an ossuary
  2903 | Ossuary  | Reached skill level 7 in Axes
  2910 | Ossuary  | Reached XP level 6. HP: 44/52 MP: 5/5
  3191 | D:5      | Noticed Prince Ribbit
  3225 | D:5      | Slain by Prince Ribbit

Illustrated notes

Levels and vault maps discovered:
D:1:      psy_arrival_terrarium, layout_basic
D:2:      layout_rooms, dk_noncrumbling_3
D:3:      layout_basic
D:4:      minmay_general_purpose_star, layout_basic,
          nicolae_overflow_hidden_temple, uniq_crazy_yiuf_cottage
D:5:      layout_basic, enter_ossuary_2, patterned_corridor, uniq_prince_ribbit1

Skill      XL: |  1  2  3  4  5 |
---------------+----------------+-----
Axes           | 3 4 5 7 |  7.6
Fighting       | |  3.9
Armour         | |  3.9
Shields        | |  3.9

Action                     |  1- 3 |  4- 6 || total
---------------------------+-------+-------++-------
  Melee: War axe           |    76 |    87 ||   163
         Headbutt          |    13 |    11 ||    24
  Throw: Stone             |    17 |       ||    17
  Evoke: Wand              |       |    22 ||    22
    Use: Scroll            |       |    11 ||    11
 Armour: Scale mail        |    32 |    18 ||    50
         Plate armour      |       |    24 ||    24
  Dodge: Dodged            |    31 |    20 ||    51
  Block: Buckler           |    19 |    17 ||    36

Table legend: (Time is in decaauts)
 A = Elapsed time spent in this place.
 B = Non-inter-level travel time spent in this place.
 C = Inter-level travel time spent in this place.
 D = Time resting spent in this place.
 E = Time spent auto-exploring this place.
 F = Levels seen in this place.
 G = Mean time per level.
                   A        B        C        D        E       F      G
               +--------+--------+--------+--------+--------+-----+--------+
         Total |   3271 |   3148 |    123 |      0 |   2570 |   6 |  545.2 |
       Dungeon |   2991 |   2868 |    123 |      0 |   2397 |   5 |  598.2 |
       Ossuary |    279 |    279 |      0 |      0 |    173 |   1 |  279.0 |
               +--------+--------+--------+--------+--------+-----+--------+

Top non-repeatable levels by time:
     D:4: 1017 daAuts
     D:1: 744 daAuts
     D:3: 562 daAuts
     D:5: 425 daAuts
 Ossuary: 279 daAuts
     D:2: 242 daAuts
